 Dungeon Crawl Stone Soup version 0.31-a0-854-g362426d53f (webtiles) character file.

Game seed: 15162772341176184708

2405 Supercliff the Thaumaturge (level 9, -2/49 HPs)
             Began as a Deep Elf Conjurer on Oct 7, 2023.
             Was a Follower of Vehumet.
             Slain by a yak (7 damage)
             ... on level 8 of the Dungeon on Oct 9, 2023.
             The game lasted 00:24:32 (7958 turns).

Supercliff the Thaumaturge (Deep Elf Conjurer)      Turns: 7958, Time: 00:24:32

Health: -2/49      AC:  9    Str:  4    XL:     9   Next: 23%
Magic:  4/24       EV: 12    Int: 28    God:    Vehumet [*.....]
Gold:   184        SH:  0    Dex: 13    Spells: 17/27 levels left

rFire   . . .        f - +1 short sword (freeze)
rCold   + . .        (no shield)
rNeg    . . .        F - +2 robe {rC+}
rPois   .            j - +0 helmet
rElec   .            (no cloak)
rCorr   .            h - +0 pair of gloves
SInv    .            u - +2 pair of boots {Stlth+}
Will    +....        (no amulet)
Stlth   +++          o - ring of willpower
HPRegen 0.28/turn    (no ring)
MPRegen 0.19/turn

%: no passive effects
@: brilliant, about to teleport
A: no striking features
a: Renounce Religion


You were on level 8 of the Dungeon.
You worshipped Vehumet.
Vehumet was aware of your devotion.
You visited 1 branch of the dungeon, and saw 8 of its levels.

You collected 352 gold pieces.
You spent 168 gold pieces at shops.

Inventory:

Hand Weapons
 f - a +1 short sword of freezing (weapon)
Missiles
 B - a throwing net
Armour
 a - a +0 robe
 h - a +0 pair of gloves (worn)
 j - a +0 helmet (worn)
 u - a +2 pair of boots of stealth (worn)
 A - an orb of light
 F - a +2 robe of cold resistance (worn)
Magical Staves
 w - a staff of poison
Jewellery
 k - a ring of flight
 o - a ring of willpower (left hand)
 x - an amulet of magic regeneration
 H - a ring of poison resistance
Wands
 d - a wand of polymorph (12)
 p - a wand of flame (18)
 D - a wand of paralysis (23)
Scrolls
 c - 3 scrolls of revelation {unknown}
 e - a scroll of vulnerability
 g - 5 scrolls of identify
 s - a scroll of fear {unknown}
 t - a scroll of noise {unknown}
 v - a scroll of poison {unknown}
 z - a scroll of enchant armour {unknown}
 C - a scroll of enchant weapon {unknown}
 E - a scroll of immolation
Potions
 b - a potion of magic
 i - a potion of curing {unknown}
 l - a potion of might
 m - a potion of heal wounds {unknown}
 n - 2 potions of berserk rage {unknown}
 q - 3 potions of brilliance
 r - 2 potions of mutation {unknown}
 G - a potion of haste {unknown}
 I - a potion of enlightenment {unknown}


   Skills:
 + Level 2.9 Fighting
 - Level 2.5 Dodging
 - Level 2.5 Stealth
 * Level 9.8 Spellcasting
 * Level 9.5 Conjurations
 + Level 6.0 Hexes
 + Level 2.4 Summonings


You had 17 spell levels left.
You knew the following spells:

 Your Spells              Type           Power      Damage    Failure   Level
a - Magic Dart            Conj           100%       1d8       1%          1
b - Searing Ray           Conj           100%       2d8       1%          2
c - Fulminant Prism       Conj/Hex       36%        3d17      1%          4
d - Call Canine Familiar  Summ           41%        N/A       4%          3

Your spell library contained the following spells:

 Spells                   Type           Power      Damage    Failure   Level
 Sandblast                Erth           40%        2d10      4%          1
 Summon Small Mammal      Summ           100%       N/A       1%          1
 Dazzling Flash           Conj/Hex       100%       N/A       1%          3
 Hailstorm                Conj/Ice       57%        3d12      1%          3
 Summon Guardian Golem    Hex/Summ       54%        N/A       2%          3
 Freeze                   Ice            80%        1d9       4%          1
 Iskenderun's Mystic Bla  Conj/Tloc      57%        2d12      6%          4
 Frozen Ramparts          Ice            40%        1d7       12%         3


Dungeon Overview and Level Annotations

Branches:
Dungeon (8/15)             Temple (0/1) D:7
   Lair: D:8-11

Altars:
Cheibriados
Hepliaklqana
Nemelex Xobeh
Okawaru
Vehumet
Xom

Shops:
D:1 *

Annotations:
D:6 3 runed translucent doors, GreenGuy14's ghost, novice MiFi


Message History

The yak is moderately wounded.
The yak closely misses you. The yak gores you!
Your Hexes skill increases to level 6!
The searing ray hits the yak.
The yak is almost dead.
The searing ray hits the yak.
The yak is heavily wounded.
You finish channelling your searing ray.
The yak gores you. The yak gores you!
Okay, then.
As you read the scroll of teleportation, it crumbles to dust.
You feel strangely unstable. The yak barely misses you. x2
It was a potion of brilliance.
You feel clever all of a sudden. The yak gores you.
* * * LOW HITPOINT WARNING * * *
The yak closely misses you.
Casting: Searing Ray (safe; 1% risk of failure)
Confirm with . or Enter, or press ? or * to list all spells.
Aiming: Fulminant Prism (dangerous; 1% risk of failure)
Press: ? - help, Dir - move target, p - yak You feel a surge of power!
You conjure a prism of explosive energy!
A fulminant prism comes into view.
The yak closely misses you. The yak misses you.
Casting: Fulminant Prism (dangerous; 1% risk of failure)
Confirm with . or Enter, or press ? or * to list all spells.
Aiming: Fulminant Prism (dangerous; 1% risk of failure)
Press: ? - help, Dir - move target
Okay, then.
Aiming: Magic Dart (safe; 1% risk of failure)
Press: ? - help, Q - select action, (/) - cycle Shift-Dir - straight line, f - fulminant prism
Aim: a fulminant prism (friendly, 100% to hit)
You feel a surge of power!
The magic dart hits the yak but does no damage.
The yak is heavily wounded.
The yak gores you!
* * * LOW HITPOINT WARNING * * *
The yak gores you!
You die...

........>##.#
#....#.............
.... #.............
... #.<..........P
... #.........##.P
#.# #.........##.P
#Y# #.........##.P
#Y###.........##..
#@Y*..........##..
######.....†....##..
#...........###.##.#
##### #...........#
#.##.# #...#
#...........# #.##.#
#...# #...........#
#.##.# #...#
#...........###.##.#
#...#
#.............#.##.#
######...#
#...........#.>....#


You could see 3 yaks and a friendly fulminant prism.

Vanquished Creatures
  2 yaks (D:8)
  A water moccasin (D:8)
  An orc warrior (D:7)
  A sky beast (D:5)
  2 black bears
  A centaur (D:6)
  A phantom (D:7)
  4 bullfrogs
  A scorpion (D:5)
  3 wights (D:6)
  4 howler monkeys
  A gnoll bouda (D:6)
  4 hounds
  4 jellies
  A sleepcap (D:4)
  5 iguanas
  5 orc wizards
  A statue (D:5)
  A mummy (D:7)
  8 gnolls
  6 adders
  4 shadow imps (D:6)
  3 white imps (D:6)
  3 dart slugs
  18 orcs
  5 endoplasms
  2 giant cockroaches
  7 goblins
  6 hobgoblins
  8 jackals
  9 kobolds
  5 quokkas
  9 ball pythons
  6 bats
  5 frilled lizards
  5 rats
  A fulminant prism (D:8)
153 creatures vanquished.

Vanquished Creatures (others)
  3 fulminant prisms
3 creatures vanquished.

Grand Total: 156 creatures vanquished

Notes
Turn   | Place    | Note
-------+----------+-------------------------------------------
     0 | D:1      | Supercliff the Deep Elf Conjurer began the quest for the
                  | Orb.
     0 | D:1      | Reached XP level 1. HP: 10/10 MP: 6/6
   252 | D:1      | Reached XP level 2. HP: 15/15 MP: 5/8
   294 | D:1      | Learned a level 2 spell: Searing Ray
   472 | D:1      | Found Cuadeu's Assorted Antiques.
   482 | D:1      | Reached skill level 5 in Conjurations
   783 | D:1      | Reached XP level 3. HP: 19/19 MP: 6/9
  1018 | D:2      | Found a faded altar of an unknown god.
  1552 | D:2      | Reached XP level 4. HP: 24/24 MP: 7/11
  1905 | D:3      | Upgraded the game from 0.31-a0-851-g7ff8af7976 to
                  | 0.31-a0-854-g362426d53f
  1910 | D:3      | Learned a level 4 spell: Fulminant Prism
  2302 | D:3      | Reached XP level 5. HP: 28/28 MP: 7/13
  2404 | D:3      | Reached skill level 1 in Hexes
  2668 | D:3      | Found an iron altar of Okawaru.
  2669 | D:3      | Found a hazy altar of Hepliaklqana.
  2907 | D:4      | Reached skill level 5 in Spellcasting
  3040 | D:4      | Reached skill level 1 in Fighting
  3112 | D:4      | Noticed a black bear
  3118 | D:4      | Killed a black bear
  3119 | D:4      | Reached XP level 6. HP: 34/34 MP: 8/16
  3833 | D:1      | Bought a coppery potion for 18 gold pieces
  3833 | D:1      | Bought a pair of glowing boots for 150 gold pieces
  3969 | D:5      | Entered Level 5 of the Dungeon
  4195 | D:5      | Reached XP level 7. HP: 38/38 MP: 10/18
  4477 | D:5      | Found a radiant altar of Vehumet.
  4497 | D:5      | Became a worshipper of Vehumet
  5596 | D:6      | Reached XP level 8. HP: 26/44 MP: 15/21
  5689 | D:6      | Found a runed translucent gate.
  5689 | D:6      | Found a runed translucent gate.
  5700 | D:6      | Found a runed translucent gate.
  5700 | D:6      | Noticed GreenGuy14's ghost (novice MiFi)
  6651 | D:7      | Found a snail-covered altar of Cheibriados.
  6659 | D:7      | Reached * piety under Vehumet
  6659 | D:7      | Offered knowledge of Sandblast by Vehumet.
  6664 | D:7      | Learned a level 3 spell: Call Canine Familiar
  6696 | D:7      | Reached skill level 5 in Hexes
  6710 | D:7      | Reached skill level 1 in Summonings
  6894 | D:7      | Found a staircase to the Ecumenical Temple.
  6912 | D:7      | Found a sparkling altar of Nemelex Xobeh.
  7785 | D:8      | Found a shimmering altar of Xom.
  7832 | D:8      | Reached XP level 9. HP: 42/49 MP: 15/24
  7958 | D:8      | Slain by a yak

Illustrated notes

Levels and vault maps discovered:
D:1:      saegor_arrival_miasma, layout_basic, serial_shops, nicolae_square_shop
D:2:      layout_loops_ring, nicolae_ecumenical_pavilion
D:3:      layout_basic, gammafunk_temple_overflow_statue
D:4:      layout_basic, st_stairs_3, minivault_4, minmay_diced_spiral
D:5:      wad_lake_hut, layout_basic, vehumet_statue
D:6:      layout_cave_pods, ebering_ghost_rock_garden, serial_demonic,
          serial_demonic_f, serial_demonic_d, serial_demonic_b, serial_demonic_c
D:7:      layout_gridville, slow_altar_1, kennysheep_mini_moat,
          minmay_temple_entry_overgrown, chequers_arboretum
D:8:      kennysheep_big_flooded_room, layout_basic,
          nicolae_wu_jian_immortal_techniques, mainiacjoe_overflow_boulevard,
          serial_shops, nicolae_shop_rolled_up, item_on_display_a

Skill      XL: |  1  2  3  4  5  6  7  8  9 |
---------------+----------------------------+-----
Conjurations   | 5 6 7 8 9 |  9.5
Spellcasting   | 4 5 6 7 9 |  9.8
Hexes          | 2 4 5 6 |  6.0
Fighting       | 1 2 |  2.9
Summonings     | 1 2 |  2.4
Dodging        | |  2.5
Stealth        | |  2.5

Action                     |  1- 3 |  4- 6 |  7- 9 || total
---------------------------+-------+-------+-------++-------
  Melee: Dagger            |     1 |       |       ||     1
         Short sword       |     2 |     4 |     7 ||    13
   Cast: Magic Dart        |    62 |    69 |   119 ||   250
         Searing Ray       |     1 |    15 |    29 ||    45
         Fulminant Prism   |       |       |     5 ||     5
    Use: Scroll            |       |     6 |     1 ||     7
         Potion            |       |       |     4 ||     4
   Stab: Sleeping          |     1 |     1 |       ||     2
 Armour: Robe              |     5 |     9 |    34 ||    48
  Dodge: Dodged            |     7 |    13 |    44 ||    64

Table legend: (Time is in decaauts)
 A = Elapsed time spent in this place.
 B = Non-inter-level travel time spent in this place.
 C = Inter-level travel time spent in this place.
 D = Time resting spent in this place.
 E = Time spent auto-exploring this place.
 F = Levels seen in this place.
 G = Mean time per level.
                   A        B        C        D        E       F      G
               +--------+--------+--------+--------+--------+-----+--------+
         Total |   7991 |   7390 |    601 |   1063 |   5430 |   8 |  998.9 |
       Dungeon |   7991 |   7390 |    601 |   1063 |   5430 |   8 |  998.9 |
               +--------+--------+--------+--------+--------+-----+--------+

Top non-repeatable levels by time:
     D:5: 1423 daAuts
     D:6: 1280 daAuts
     D:1: 1126 daAuts
     D:3: 1099 daAuts
     D:2: 920 daAuts
     D:7: 852 daAuts
     D:4: 823 daAuts
     D:8: 464 daAuts
